 Dungeon Crawl Stone Soup version 0.30.1-11-g7821555f0a (webtiles) character file.

Game seed: 325474552306634631

457 Martska the Covered (level 6, 0/56 HPs)
             Began as a Minotaur Fighter on Dec 4, 2023.
             Slain by an orc priest
             ... wielding a +0 trident
              (3 damage)
             ... on level 4 of the Dungeon.
             The game lasted 00:03:27 (3444 turns).

Martska the Covered (Minotaur Fighter)              Turns: 3444, Time: 00:03:28

Health: 0/56       AC:  8    Str: 23    XL:     6   Next: 77%
Magic:  5/5        EV: 10    Int:  5    God:
Gold:   259        SH:  4    Dex:  9    Spells: 5/5 levels left

rFire   . . .        a - +0 war axe
rCold   . . .        c - +0 buckler
rNeg    . . .        b - +0 scale mail
rPois   .            (helmet restricted)
rElec   .            k - +0 cloak
rCorr   .            (no gloves)
SInv    +            (no boots)
Will    .....        (no amulet) Stlth
                     i - ring of see invisible
HPRegen 0.29/turn    (no ring)
MPRegen 0.09/turn

%: no passive effects
@: flying
A: horns 2, retaliatory headbutt
a: no special abilities


You were on level 4 of the Dungeon.
You visited 1 branch of the dungeon, and saw 4 of its levels.

You collected 259 gold pieces.

Inventory:

Hand Weapons
 a - a +0 war axe (weapon)
Armour
 b - a +0 scale mail (worn)
 c - a +0 buckler (worn)
 k - a +0 cloak (worn)
 u - an orb of energy
Jewellery
 i - a ring of see invisible (left hand)
 s - a ring of wizardry
 t - an amulet of regeneration
Wands
 r - a wand of paralysis (7)
Scrolls
 e - 2 scrolls of fear {unknown}
 h - 5 scrolls of teleportation {unknown}
 j - 4 scrolls of identify {unknown}
 l - a scroll of blinking {unknown}
 n - a scroll of noise {unknown}
 o - a scroll of amnesia {unknown}
 q - a scroll of enchant armour {unknown}
 v - a scroll of poison {unknown}
Potions
 d - a potion of might
 f - a potion of flight
 g - 2 potions of curing {unknown}
 m - a potion of cancellation {unknown}
 p - 2 potions of attraction {unknown}
 w - a potion of degeneration {unknown}


   Skills:
 * Level 5.4 Fighting
 * Level 4.6 Axes
 * Level 5.4 Armour
 * Level 3.4 Dodging
 - Level 4.2 Shields


You had 5 spell levels left.
You didn't know any spells.
Your spell library contained the following spells:

 Spells                   Type           Power      Damage    Failure   Level
 Sublimation of Blood     Necr           0%         N/A       93%         2
 Leda's Liquefaction      Hex/Erth       0%         N/A       100%        4
 Petrify                  Tmut/Erth      0%         N/A       100%        4
 Irradiate                Conj/Tmut      0%         3d11      100%        5
 Lee's Rapid Deconstruct  Erth           0%         3d4*      100%        5
 Statue Form              Tmut/Erth      0%         N/A       100%        6


Dungeon Overview and Level Annotations

Branches:
Dungeon (4/15)
 Temple: D:4-7

Altars:
Dithmenos

Shops:
D:2 *([[


Innate Abilities, Weirdness & Mutations

You have a pair of horns on your head.
You reflexively headbutt those who attack you in melee.


Message History

You kill the ogre!
No target in view!
No target in view!
No target in view!
An orc priest comes into view. It is wielding a +0 trident.
An orc priest is nearby!
An orc and an orc wizard come into view.
The orc is wielding a +2 dagger of flaming.
The orc wizard is wielding a +1 dagger of venom.
The orc shouts!
The orc wizard shouts!
The orc wizard casts a spell.
The orc wizard flickers and vanishes for a moment.
You hear a shout!
Items here: $ ))).
The gnoll shouts!
The orc throws a boomerang.
The boomerang hits you but does no damage.
The orc priest calls down the wrath of Beogh upon you.
Pain shoots through your body!
A gnoll comes into view. It is wielding a +0 club.
There is a large open door here.
The gnoll shouts!
You hit the orc priest but do no damage.
The orc throws a boomerang.
The boomerang hits you. You block the orc priest's attack.
You closely miss the orc priest.
An orc comes into view. It is wielding a +0 dagger.
The orc priest hits you with a +0 trident!
* * * LOW HITPOINT WARNING * * *
An orc comes into view. It is wielding a +0 short sword.
You block the orc priest's attack.
It was a potion of flight.
You feel very buoyant.
You fly up into the air.
The orc shouts!
The orc wizard gestures at you while chanting.
The magic dart hits you!
* * * LOW HITPOINT WARNING * * *
The orc hits you but does no damage.
The orc priest hits you with a +0 trident.
You die...

≈≈≈~≈≈≈~≈≈~≈≈~≈~≈≈≈≈~≈≈~≈~~≈≈≈≈≈≈
≈≈~~~~~~~†~≈~~~~~~~~~~~~~~~~#####
.........††.................#.go#
#############################...#
#+### ################ #.~
...#8..8#....... #.~
8..'....oo...... #.≈
8..'....@.og.... #.~
..#..))#.g..oo. #.~ #....#######'
#.~ #....# #.≈ #....# ..#.~
#....# #'###
############''''#############...#
............................#...#
≈~≈≈~~~~~~~~....~~≈≈≈≈~~~~~≈#####


You could see an orc priest, an orc wizard (invisible), 2 gnolls and 3 orcs.

Vanquished Creatures
  An ogre (D:4)
  A howler monkey (D:4)
  3 hounds (D:4)
  An iguana (D:4)
  5 gnolls (D:4)
  6 adders
  3 dart slugs (D:2)
  A worm (D:4)
  6 orcs
  11 ball pythons
  6 endoplasms
  2 giant cockroaches
  10 goblins
  5 hobgoblins
  17 jackals
  2 quokkas (D:2)
  8 bats
  11 kobolds
  4 rats
103 creatures vanquished.

Notes
Turn   | Place    | Note
-------+----------+-------------------------------------------
     0 | D:1      | Martska the Minotaur Fighter began the quest for the Orb.
     0 | D:1      | Reached XP level 1. HP: 19/19 MP: 0/0
   120 | D:1      | Reached XP level 2. HP: 22/27 MP: 1/1
   270 | D:1      | Reached skill level 1 in Dodging
   336 | D:1      | Reached XP level 3. HP: 32/33 MP: 2/2
  1007 | D:2      | Found Ynoim's Antique Armour Boutique.
  1047 | D:2      | Found Walefips's Weapon Shop.
  1098 | D:2      | Found Pyceas's Antique Armour Shoppe.
  1154 | D:2      | Reached XP level 4. HP: 40/40 MP: 3/3
  1339 | D:2      | Found a shadowy altar of Dithmenos.
  1487 | D:2      | Found Sucucliq's Jewellery Emporium.
  1817 | D:2      | Found Fedahympan's Assorted Antiques.
  2203 | D:3      | Identified the +5 scale mail of Nastrad {rCorr}
  2734 | D:4      | Reached XP level 5. HP: 12/47 MP: 4/4
  3202 | D:4      | Reached skill level 5 in Fighting
  3306 | D:4      | Reached skill level 5 in Armour
  3306 | D:4      | Reached XP level 6. HP: 56/56 MP: 5/5
  3444 | D:4      | Slain by an orc priest

Illustrated notes

Levels and vault maps discovered:
D:1:      minmay_arrival_glassed_features, layout_basic,
          kennysheep_decorative_pillar
D:2:      layout_basic, serial_shops, nicolae_shop_bloodbath_and_beyond,
          nicolae_shop_hallway_plus, nicolae_shop_dealshenge,
          nicolae_shop_gaudy_bauble, nicolae_shop_pleasant_corner_grove,
          basic_altar
D:3:      layout_rooms, serial_co_window_serial, co_window_paths_b,
          co_window_paths_b, co_window_corner_a, co_window_paths_b,
          co_window_paths_b, co_window_paths_b, co_window_cross_1,
          co_window_unsneaky_path_d, co_window_broadway_c, co_window_corner_b,
          co_window_broadway_a, co_window_broadway_c, co_window_4corner_b,
          glass_columns_a, glass_columns_b, glass_columns_a, glass_columns_a
D:4:      lemuel_castle_with_subvaults [lemuel_castle_interior_carwin_2],
          layout_rooms, minmay_cut_off

Skill      XL: |  1  2  3  4  5  6 |
---------------+-------------------+-----
Dodging        | 1 2 3 |  3.4
Armour         | 4 5 |  5.4
Shields        | 4 |  4.2
Fighting       | 4 5 |  5.4
Axes           | 3 4 |  4.6

Action                     |  1- 3 |  4- 6 || total
---------------------------+-------+-------++-------
  Melee: War axe           |    73 |   137 ||   210
         Headbutt          |     5 |    13 ||    18
    Use: Potion            |       |     1 ||     1
 Armour: Scale mail        |    36 |    62 ||    98
  Dodge: Dodged            |    45 |    81 ||   126
  Block: Buckler           |    18 |    35 ||    53
